 Dungeon Crawl Stone Soup version 0.30.1 (webtiles) character file.

Game seed: 7594992059551158997

1483 cayman329 the Chopper (level 8, -2/67 HPs)
             Began as a Gnoll Cinder Acolyte on July 2, 2023.
             Was a Priest of Ignis.
             Slain by an orc warrior
             ... wielding a +0 war axe
              (10 damage)
             ... on level 7 of the Dungeon.
             The game lasted 00:16:23 (6438 turns).

cayman329 the Chopper (Gnoll Cinder Acolyte)        Turns: 6438, Time: 00:16:23

Health: -2/67      AC:  8    Str: 13    XL:     8   Next: 79%
Magic:  12/15      EV: 12    Int: 17    God:    Ignis [***...]
Gold:   412        SH:  0    Dex: 16    Spells: 9/16 levels left

rFire   + . .        A - +0 war axe
rCold   . . .        (no shield)
rNeg    . . .        p - +0 ring mail
rPois   .            M - +1 helmet {Int+3}
rElec   .            (no cloak)
rCorr   .            (no gloves)
SInv    +            (no boots)
Will    .....        f - amulet of regeneration
Stlth   ++           o - ring of see invisible
HPRegen 1.11/turn    I - +6 ring of dexterity
MPRegen 0.14/turn

%: no passive effects
@: no status effects
A: fangs 1, strong nose, distributed training
a: Renounce Religion, Fiery Armour, Foxfire Swarm, Rising Flame


You were on level 7 of the Dungeon.
You worshipped Ignis.
Ignis was most pleased with you.
You visited 1 branch of the dungeon, and saw 7 of its levels.

You collected 412 gold pieces.

Inventory:

Hand Weapons
 s - a +2 dagger of speed
 x - a +1 short sword of protection
 A - a +0 war axe (weapon)
 J - a +0 dire flail
 K - a +2 flail of protection
 P - a +1 falchion of holy wrath
Missiles
 e - 62 stones (quivered)
 y - 3 poisoned darts
 B - 6 boomerangs
Armour
 b - a +0 robe
 p - a +0 ring mail (worn)
 M - a +1 helmet of intelligence (worn)
Magical Staves
 l - a staff of death
Jewellery
 f - an amulet of regeneration (around neck)
 m - a ring of protection from fire
 o - a ring of see invisible (left hand)
 z - a +5 ring of evasion
 D - a ring of protection from fire
 E - a +5 ring of evasion
 F - a ring of positive energy
 I - a +6 ring of dexterity (right hand)
Scrolls
 c - 2 scrolls of enchant armour {unknown}
 d - 2 scrolls of noise {unknown}
 g - a scroll of enchant weapon
 t - 3 scrolls of teleportation
 u - 4 scrolls of amnesia {unknown}
 v - 2 scrolls of magic mapping {unknown}
 L - 2 scrolls of identify
 N - a scroll of fear {unknown}
Potions
 a - a potion of might {unknown}
 h - 2 potions of attraction
 i - 8 potions of curing
 j - 3 potions of brilliance {unknown}
 n - 2 potions of heal wounds {unknown}
 q - a potion of resistance {unknown}
 r - a potion of haste
 C - a potion of invisibility {unknown}
 G - a potion of ambrosia {unknown}
 O - 3 potions of cancellation {unknown}


   Skills:
 + Level 7.6 Fighting
 + Level 3.7 Short Blades
 + Level 3.7 Long Blades
 + Level 7.6 Axes
 + Level 3.7 Maces & Flails
 + Level 3.7 Polearms
 + Level 3.7 Staves
 + Level 3.7 Ranged Weapons
 + Level 3.7 Throwing
 + Level 3.7 Armour
 + Level 3.7 Dodging
 + Level 3.7 Stealth
 + Level 3.7 Shields
 + Level 3.7 Unarmed Combat
 + Level 4.7 Spellcasting
 + Level 3.0 Conjurations
 + Level 3.0 Hexes
 + Level 3.0 Summonings
 + Level 3.0 Necromancy
 + Level 3.0 Translocations
 + Level 3.0 Transmutations
 + Level 6.3 Fire Magic
 + Level 3.0 Ice Magic
 + Level 3.0 Air Magic
 + Level 3.0 Earth Magic
 + Level 3.0 Poison Magic
 + Level 4.1 Invocations
 + Level 3.7 Evocations


You had 9 spell levels left.
You knew the following spells:

 Your Spells              Type           Power      Damage    Failure   Level
a - Scorch                Fire           50%        2d7       3%          2
b - Ozocubu's Armour      Ice            14%        N/A       26%         3
c - Passwall              Tmut/Erth      11%        N/A       13%         2

Your spell library contained the following spells:

 Spells                   Type           Power      Damage    Failure   Level
 Ignite Poison            Fire/Tmut/Pois 18%        N/A       16%         3
 Mephitic Cloud           Conj/Pois/Air  14%        N/A       26%         3
 Metabolic Englaciation   Hex/Ice        7%         N/A       93%         5
 Simulacrum               Ice/Necr       7%         N/A       100%        6
 Ozocubu's Refrigeration  Ice            7%         4d9       100%        7
 Necromutation            Tmut/Necr      7%         N/A       100%        8


Dungeon Overview and Level Annotations

Branches:
Dungeon (7/15)             Temple (0/1) D:6

Altars:
Ashenzari
Cheibriados
Gozag
Wu Jian


Innate Abilities, Weirdness & Mutations

You have very sharp teeth.
Your uncanny sense of smell can sniff out nearby items.
Your experience applies equally to all skills.


Message History

The orc warrior barely misses your foxfire.
Your foxfire dissipates!
The foxfire hits the black bear.
The black bear is severely wounded.
The foxfire hits the black bear.
The black bear is almost dead.
The foxfire hits the orc warrior.
The orc warrior is moderately wounded.
The foxfire hits the orc warrior but does no damage.
The orc warrior is moderately wounded.
The foxfire hits the black bear.
The black bear is almost dead.
The foxfire hits the black bear.
You kill the black bear!
The foxfire hits the orc warrior.
The orc warrior is heavily wounded.
The foxfire hits the orc warrior but does no damage.
The orc warrior is heavily wounded.
The foxfire hits the orc warrior but does no damage.
The orc warrior is heavily wounded.
The foxfire hits the orc warrior.
The orc warrior is severely wounded.
The foxfire hits the orc warrior.
The orc warrior is severely wounded.
The foxfire hits the orc warrior but does no damage.
The orc warrior is severely wounded.
The foxfire hits the orc warrior.
The orc warrior is severely wounded.
The foxfire hits the orc warrior but does no damage.
The orc warrior is severely wounded.
The foxfire hits the orc warrior but does no damage.
The orc warrior is severely wounded.
The foxfire hits the orc warrior.
The orc warrior is almost dead.
The foxfire hits the orc warrior but does no damage.
The orc warrior is almost dead.
The foxfire hits the orc warrior but does no damage.
The orc warrior is almost dead.
The orc warrior hits you with a +0 war axe!
You die...

#########
#.......#
#.......###
#....§....#
#.§v§§§.#
#§..@§§.#
#..ov§§.#
#...v§§.#
#.§§§.§.# ∆
#....§..#
#.......#
#.......#
#########


You could see an orc warrior (ally target).

Vanquished Creatures
  Sigmund (D:2)
  Eustachio (D:6)
  Menkaure (D:5)
  Edmund (D:4)
  2 black bears
  2 ice beasts (D:5)
  Blork the orc (D:5)
  A howler monkey (D:5)
  4 hounds
  2 orc priests (D:3)
  Terence (D:3)
  2 iguanas
  An orc wizard (D:3)
  A sleepcap (D:4)
  8 adders
  6 gnolls
  A white imp (D:5)
  2 ufetubi
  2 worms (D:2)
  A dart slug (D:5)
  24 orcs
  6 ball pythons
  7 bats
  8 endoplasms
  A giant cockroach (D:4)
  4 hobgoblins
  6 quokkas
  6 frilled lizards
  9 goblins
  5 kobolds
  3 rats
120 creatures vanquished.

Vanquished Creatures (others)
  An orc wizard (D:3)
  30 foxfires
31 creatures vanquished.

Grand Total: 151 creatures vanquished

Notes
Turn   | Place    | Note
-------+----------+-------------------------------------------
     0 | D:1      | cayman329 the Gnoll Cinder Acolyte began the quest for the
                  | Orb.
     0 | D:1      | Reached XP level 1. HP: 23/23 MP: 4/4
   121 | D:1      | Reached XP level 2. HP: 14/29 MP: 5/5
   125 | D:1      | Learned a level 2 spell: Scorch
   614 | D:1      | Found a faded altar of an unknown god.
  1159 | D:2      | Reached XP level 3. HP: 19/35 MP: 1/7
  1507 | D:2      | Noticed Sigmund
  1639 | D:3      | Reached skill level 1 in Invocations
  1772 | D:3      | Reached skill level 1 in Short Blades
  1772 | D:3      | Reached skill level 1 in Long Blades
  1772 | D:3      | Reached skill level 1 in Maces & Flails
  1772 | D:3      | Reached skill level 1 in Polearms
  1772 | D:3      | Reached skill level 1 in Staves
  1772 | D:3      | Reached skill level 1 in Ranged Weapons
  1772 | D:3      | Reached skill level 1 in Throwing
  1772 | D:3      | Reached skill level 1 in Armour
  1772 | D:3      | Reached skill level 1 in Dodging
  1772 | D:3      | Reached skill level 1 in Stealth
  1772 | D:3      | Reached skill level 1 in Shields
  1772 | D:3      | Reached skill level 1 in Unarmed Combat
  1772 | D:3      | Reached skill level 1 in Evocations
  1772 | D:3      | Reached XP level 4. HP: 8/41 MP: 2/8
  1966 | D:3      | Noticed Terence
  2023 | D:3      | Reached skill level 1 in Conjurations
  2023 | D:3      | Reached skill level 1 in Hexes
  2023 | D:3      | Reached skill level 1 in Summonings
  2023 | D:3      | Reached skill level 1 in Necromancy
  2023 | D:3      | Reached skill level 1 in Translocations
  2023 | D:3      | Reached skill level 1 in Transmutations
  2023 | D:3      | Reached skill level 1 in Ice Magic
  2023 | D:3      | Reached skill level 1 in Air Magic
  2023 | D:3      | Reached skill level 1 in Earth Magic
  2023 | D:3      | Reached skill level 1 in Poison Magic
  2160 | D:3      | Killed Terence
  2161 | D:3      | Reached XP level 5. HP: 16/47 MP: 2/9
  2586 | D:3      | Found an opulent altar of Gozag.
  2729 | D:3      | Found an ornate altar of the Wu Jian Council.
  3010 | D:2      | Killed Sigmund
  3011 | D:2      | Reached XP level 6. HP: 45/53 MP: 9/11
  4273 | D:3      | Reached XP level 7. HP: 57/60 MP: 5/12
  4433 | D:4      | Found a broken altar of Ashenzari.
  4953 | D:4      | Learned a level 3 spell: Ozocubu's Armour
  5011 | D:5      | Entered Level 5 of the Dungeon
  5036 | D:5      | Found a snail-covered altar of Cheibriados.
  5097 | D:5      | Noticed Blork the orc
  5105 | D:5      | Killed Blork the orc
  5156 | D:5      | Noticed Edmund
  5293 | D:4      | Killed Edmund
  5318 | D:5      | Reached XP level 8. HP: 67/67 MP: 11/14
  5375 | D:5      | Noticed Menkaure
  5386 | D:5      | Killed Menkaure
  5825 | D:6      | Got the Omnibus of Damaging Permutations
  5830 | D:6      | Learned a level 2 spell: Passwall
  5842 | D:6      | Found a staircase to the Ecumenical Temple.
  6091 | D:6      | Noticed Eustachio
  6128 | D:6      | Killed Eustachio
  6438 | D:7      | Slain by an orc warrior

Illustrated notes

Levels and vault maps discovered:
D:1:      erik_arrival_cave_to_civilisation [erik_arrival_cave_to_hall],
          layout_rooms, serial_rivers, chequers_serial_rivers_small_a,
          chequers_serial_rivers_large_a, chequers_serial_rivers_micro_e,
          chequers_serial_rivers_room_a, chequers_serial_rivers_large_b,
          chequers_serial_rivers_room_b,
          shapermc_ecumenical_altar_mp_urbaneastern
D:2:      layout_basic, uniq_sigmund
D:3:      cheibrodos_pilgrimage, layout_basic, lemuel_crystal_altar,
          pdpol_wu_jian_five_deadly_venoms, minmay_misc_feat_tower,
          minmay_misc_feat_five, uniq_terence
D:4:      layout_rooms, amcnicky_altar_gilded, kennysheep_generic_room_3
D:5:      layout_gridville, cheibriados_altar_1, uniq_edmund,
          uniq_blork_the_orc, uniq_menkaure
D:6:      layout_basic, minmay_temple_entry_glass, st_stairs_5,
          due_unseen_surprise, uniq_eustachio
D:7:      layout_gridville, bloody_trog, serial_shops, shop,
          palyth_stone_intersect, hangedman_minor_gate_pass, uniq_prince_ribbit1

Skill      XL: |  1  2  3  4  5  6  7  8 |
---------------+-------------------------+-----
Invocations    | 1 2 3 4 |  4.1
Short Blades   | 1 2 3 |  3.7
Long Blades    | 1 2 3 |  3.7
Maces & Flails | 1 2 3 |  3.7
Polearms       | 1 2 3 |  3.7
Staves         | 1 2 3 |  3.7
Ranged Weapons | 1 2 3 |  3.7
Throwing       | 1 2 3 |  3.7
Armour         | 1 2 3 |  3.7
Dodging        | 1 2 3 |  3.7
Stealth        | 1 2 3 |  3.7
Shields        | 1 2 3 |  3.7
Unarmed Combat | 1 2 3 |  3.7
Spellcasting   | 3 4 |  4.7
Evocations     | 1 2 3 |  3.7
Conjurations   | 1 2 3 |  3.0
Hexes          | 1 2 3 |  3.0
Summonings     | 1 2 3 |  3.0
Necromancy     | 1 2 3 |  3.0
Translocations | 1 2 3 |  3.0
Transmutations | 1 2 3 |  3.0
Ice Magic      | 1 2 3 |  3.0
Air Magic      | 1 2 3 |  3.0
Earth Magic    | 1 2 3 |  3.0
Poison Magic   | 1 2 3 |  3.0
Fighting       | 7 |  7.6
Axes           | 7 |  7.6
Fire Magic     | 6 |  6.3

Action                     |  1- 3 |  4- 6 |  7- 9 || total
---------------------------+-------+-------+-------++-------
  Melee: Hand axe          |    80 |    89 |       ||   169
         Bite              |     5 |    15 |    18 ||    38
         Punch             |     2 |       |     8 ||    10
         Dagger            |       |    42 |       ||    42
         War axe           |       |       |   139 ||   139
  Throw: Stone             |     1 |     1 |       ||     2
   Cast: Scorch            |    12 |    37 |    36 ||    85
         Passwall          |       |       |     2 ||     2
         Ozocubu's Armour  |       |       |     1 ||     1
 Invoke: Fiery Armour      |       |     2 |     2 ||     4
         Foxfire Swarm     |       |     1 |     1 ||     2
    Use: Scroll            |       |     4 |     2 ||     6
 Armour: Robe              |     9 |       |       ||     9
         Chain mail        |     6 |       |       ||     6
         Ring mail         |    14 |    48 |    81 ||   143
  Dodge: Dodged            |    64 |   113 |   159 ||   336
